Map: Inside and Out

Players

Silky - Winner!

  • Race: Zerg Zerg
  • Spawn Location: 1:00

NightMare

  • Race: Protoss Protoss
  • Spawn Location: 7:00

Event: DreamHack SC2 Masters 2022 Atlanta (Offline)

VOD

Have the link to the VOD?

Description

Time

  • Played on: Nov. 18, 2022, 12:10 p.m.
  • Length: 12:34

All games in this series

Show
View Real Time Build Order
Export as new Build Order

Silky Zerg - Winner!

Build Orders: Pool First 

Get SALT Encoding   

  12  0:17  Spawning Pool  
  12  0:21  Drone  
  12  0:25  Drone  
  13  0:30  Drone  
  14  0:41  Overlord  
  14  1:03  Zergling x2  
  14  1:04  Zergling x4  
  17  1:20  Zergling x2, Hatchery  
  17  1:26  Zergling x2  
  18  1:37  Zergling x2  
  19  1:47  Zergling x2  
  20  2:00  Hatchery  
  19  2:05  Zergling x2  
  20  2:14  Zergling x2  
  21  2:27  Overlord  
  20  2:31  Queen  
  20  2:36  Drone  
  23  2:37  Extractor  
  21  2:46  Drone  
  20  2:54  Drone  
  19  3:00  Overlord  
  19  3:05  Drone  
  19  3:12  Zergling x2  
  19  3:13  Zergling x2  
  19  3:21  Queen  
  19  3:25  Zergling x2  
  22  3:29  Zergling x2  
  23  3:37  Drone  
  23  3:41  Metabolic Boost  
  24  3:50  Zergling x2  
  24  3:51  Drone  
  26  3:55  Drone  
  25  4:05  Drone x2  
  25  4:08  Drone  
  27  4:15  Drone x3  
  28  4:18  Drone  
  28  4:21  Drone  
  28  4:23  Drone  
  31  4:28  Drone  
  31  4:30  Drone  
  33  4:36  Drone  
  34  4:46  Drone  
  34  4:47  Drone, Roach Warren  
  34  4:51  Overlord  
  35  4:56  Overlord  
  35  5:04  Overlord  
  35  5:05  Zergling x6  
  38  5:15  Zergling x4  
  40  5:28  Roach x4  
  50  5:35  Roach  
  50  5:36  Zergling x8  
  50  5:41  Zergling x2  
  55  5:44  Hatchery  
  55  5:47  Zergling x2  
  55  5:52  Overlord  
  55  5:54  Zergling x4  
  57  5:58  Zergling x4  
  57  6:04  Zergling x2  
  60  6:06  Spore Crawler  
  60  6:08  Zergling x2  
  60  6:09  Overlord  
  61  6:17  Overlord  
  61  6:20  Zergling x2  
  61  6:21  Zergling x4  
  61  6:26  Overlord  
  61  6:32  Zergling x6  
  62  6:33  Zergling x4  
  62  6:36  Zergling x2  
  62  6:39  Zergling x2  
  54  6:47  Zergling x2  
  54  6:52  Zergling x2  
  51  6:55  Queen  
  51  6:56  Drone x2  
  51  7:00  Drone  
  54  7:02  Lair  
  54  7:04  Ravager  
  54  7:07  Drone x2  
  54  7:08  Drone x3  
  59  7:10  Drone  
  59  7:12  Drone  
  62  7:16  Drone  
  62  7:17  Drone, Extractor  
  62  7:18  Drone  
  62  7:20  Drone  
  65  7:26  Drone  
  65  7:28  Drone  
  67  7:33  Drone x2  
  67  7:36  Overlord x2  
  69  7:39  Roach  
  69  7:41  Roach  
  69  7:43  Roach  
  75  7:46  Zergling x4  
  75  7:50  Overlord  
  77  7:52  Zergling x4  
  77  7:57  Zergling x4  
  81  8:00  Ravager  
  81  8:02  Ravager  
  81  8:04  Zergling x8  
  87  8:08  Zergling x2  
  87  8:09  Zergling x10  
  92  8:14  Ravager  
  92  8:15  Zergling x6  
  96  8:21  Zergling x2  
  97  8:28  Glial Reconstitution  
  97  8:29  Drone x2  
  97  8:32  Drone  
  97  8:33  Evolution Chamber  
  99  8:34  Drone x3  
  99  8:37  Drone x2  
  104  8:42  Extractor  
  104  8:45  Drone x2  
  105  8:49  Drone  
  105  8:50  Hatchery  
  105  8:51  Extractor  
  105  8:55  Drone  
  105  8:58  Drone, Overlord  
  105  8:59  Baneling Nest  
  105  9:00  Zerg Melee Weapons Level 1  
  105  9:06  Overlord  
  105  9:08  Drone  
  106  9:13  Overseer, Overlord  
  106  9:17  Drone  
  106  9:18  Drone  
  106  9:20  Roach x3  
  106  9:21  Overlord x2  
  114  9:26  Roach x2  
  114  9:27  Zergling x2  
  114  9:30  Roach  
  122  9:31  Zergling x6  
  122  9:35  Roach x3  
  122  9:38  Overlord x2  
  130  9:41  Zergling x2  
  130  9:44  Centrifugal Hooks  
  131  9:47  Extractor  
  131  9:48  Drone x3  
  131  9:49  Zergling x4  
  135  9:57  Drone x3  
  138  10:00  Zergling x6  
  138  10:02  Ravager x2  
  138  10:03  Roach x2  
  138  10:05  Overseer, Queen  
  149  10:09  Zergling x6  
  149  10:10  Zergling x2  
  149  10:13  Drone x2  
  154  10:20  Baneling x9  
  154  10:22  Zergling x2  
  154  10:23  Zergling x4  
  154  10:26  Baneling x3  
  157  10:29  Zergling x6  
  157  10:30  Zergling x2  
  161  10:36  Baneling x5  
  162  10:42  Zergling x2  
  162  10:43  Zergling x10  
  162  10:45  Overlord  
  162  10:48  Overlord x2  
  144  10:59  Zergling x20  
  129  11:06  Zergling x4  
  129  11:07  Zergling x2  
  118  11:13  Roach x3  
  118  11:14  Roach  
  110  11:20  Roach x7  
  110  11:25  Roach x5  
  122  11:32  Drone x2  
  124  11:33  Roach  
  124  11:38  Roach x2  
  130  11:42  Roach  
  130  11:43  Baneling x11  
  130  11:44  Zergling x2  
  130  11:46  Zergling x2  
  134  11:49  Zergling x2  
  134  11:54  Zergling x16  
  139  11:55  Zergling x2  
  139  11:56  Baneling x3  
  139  11:57  Baneling  
  139  12:00  Overseer  
  144  12:01  Zergling x2  
  144  12:02  Zergling x4  
  144  12:06  Zergling x8  
  149  12:31  Infestation Pit  
Show
View Real Time Build Order
Export as new Build Order

NightMare Protoss 

Build Orders:  

Get SALT Encoding   

  12  0:00  Probe  
  13  0:12  Probe  
  14  0:17  Pylon  
  14  0:24  Probe (Chrono Boost)  
  15  0:36  Probe (Chrono Boost)  
  15  0:37  Gateway  
  16  0:45  Probe (Chrono Boost)  
  16  0:46  Assimilator  
  17  0:50  Probe  
  18  1:03  Probe  
  19  1:15  Probe, Gateway  
  20  1:25  Forge  
  20  1:26  Zealot (Chrono Boost)  
  20  1:31  Cybernetics Core  
  22  1:41  Pylon  
  22  2:01  Photon Cannon  
  22  2:04  Adept (Chrono Boost)  
  22  2:18  Shield Battery  
  14  2:36  Adept  
  14  3:04  Probe  
  15  3:16  Probe  
  16  3:28  Probe (Chrono Boost)  
  17  3:39  Probe (Chrono Boost)  
  18  3:43  Probe (Chrono Boost)  
  19  3:54  Probe  
  20  4:07  Probe  
  19  4:19  Probe  
  18  4:25  Nexus  
  18  4:31  Probe  
  19  4:33  Gateway  
  19  4:37  Warp Gate  
  19  4:43  Probe (Chrono Boost)  
  20  4:51  Stalker  
  22  4:56  Probe (Chrono Boost)  
  23  5:02  Probe (Chrono Boost)  
  24  5:10  Probe  
  24  5:11  Assimilator  
  25  5:22  Probe (Chrono Boost)  
  26  5:29  Sentry  
  26  5:34  Probe (Chrono Boost)  
  29  5:39  Probe (Chrono Boost)  
  31  5:44  Probe (Chrono Boost)  
  31  5:46  Probe (Chrono Boost)  
  32  5:50  Probe (Chrono Boost)  
  32  5:51  Robotics Facility, Probe (Chrono Boost)  
  34  5:58  Adept x2  
  34  6:01  Probe  
  39  6:07  Probe  
  41  6:21  Pylon  
  41  6:24  Shield Battery  
  38  6:28  Photon Cannon  
  38  6:36  Stalker  
  38  6:37  Sentry  
  42  6:42  Shield Battery  
  42  6:49  Probe x2 (Chrono Boost)  
  41  6:57  Immortal (Chrono Boost)  
  46  7:03  Pylon  
  46  7:07  Probe (Chrono Boost)  
  46  7:12  Gateway  
  46  7:17  Pylon  
  46  7:21  Probe (Chrono Boost)  
  48  7:25  Probe (Chrono Boost)  
  48  7:27  Sentry  
  50  7:33  Probe (Chrono Boost)  
  50  7:36  Probe (Chrono Boost)  
  50  7:37  Observer  
  53  7:38  Probe (Chrono Boost)  
  53  7:43  Gateway  
  54  7:45  Gateway, Probe  
  54  7:48  Probe  
  56  7:51  Sentry  
  58  8:04  Robotics Bay  
  58  8:08  Probe x2  
  58  8:10  Nexus  
  58  8:11  Pylon  
  60  8:13  Assimilator  
  60  8:14  Assimilator  
  61  8:20  Probe x2  
  61  8:25  Pylon  
  62  8:30  Pylon  
  62  8:32  Probe  
  62  8:39  Pylon  
  62  8:43  Probe  
  62  8:44  Probe  
  68  8:50  Gateway  
  68  8:51  Colossus (Chrono Boost)  
  68  8:53  Gateway  
  68  8:54  Zealot x3  
  76  8:55  Probe  
  76  8:58  Observer  
  76  9:00  Stalker  
  79  9:13  Nexus  
  79  9:14  Pylon  
  79  9:17  Twilight Council, Observer  
  79  9:24  Probe x2  
  81  9:29  Protoss Ground Weapons Level 1  
  81  9:35  Shield Battery, Colossus (Chrono Boost)  
  81  9:36  Probe  
  81  9:37  Probe  
  89  9:40  Stalker  
  89  9:44  Stalker  
  93  9:52  Shield Battery  
  93  10:00  Pylon  
  93  10:05  Photon Cannon  
  93  10:13  Pylon x2  
  93  10:17  Disruptor (Chrono Boost)  
  93  10:19  Photon Cannon  
  96  10:23  Sentry, Stalker  
  96  10:24  Sentry  
  96  10:27  Sentry  
  104  10:37  Stalker x2  
  104  10:41  Probe x3  
  111  10:48  Disruptor (Chrono Boost)  
  112  10:59  Stalker x2  
  112  11:00  Stalker  
  97  11:07  Probe x3  
  97  11:08  Stalker x2  
  97  11:09  Observer  
  89  11:16  Stalker  
  83  11:19  Disruptor (Chrono Boost), Probe x2  
  82  11:27  Assimilator  
  82  11:28  Assimilator  
  82  11:30  Probe  
  82  11:31  Shield Battery, Probe x2  
  85  11:39  Pylon  
  85  11:44  Probe  
  86  11:53  Zealot x4, Dark Shrine  
  94  11:56  Disruptor (Chrono Boost)  
  94  12:00  Shield Battery  
  97  12:05  Stalker  
  97  12:07  Stalker  
  101  12:19  Stalker x4  
Tags
 
Add a new tag
Caveats
  • Supply blocks, unpowered buildings, or Contaminate may cause inaccurate times.
  • Supply counts are checked every 10 seconds.